 Dungeon Sprint DCSS version 0.30-a0-800-g7c544603b3 (webtiles) character file.

Game seed: 5465623166351540223

1666 BigDaddyOpFi the Fey Demonspawn (level 8, -2/70 HPs)
             Began as a Demonspawn Fighter on Feb 21, 2023.
             Was an Initiate of Yredelemnul.
             Slain by an ice devil (19 damage)
             ... in the Dungeon (Sprint VII: "The Pits").
             The game lasted 00:03:27 (1118 turns).

BigDaddyOpFi the Fey Demonspawn (DsFi)              Turns: 1118, Time: 00:03:27

Health: -2/70      AC: 19    Str: 19    XL:     8   Next: 69%
Magic:  18/18      EV:  7    Int: 16    God:    Yredelemnul [......]
Gold:   0          SH:  6    Dex: 12    Spells: 7/7 levels left

rFire   . . .      SeeInvis .    r - +1 broad axe (freeze)
rCold   . . .      Faith    .    c - +0 buckler
rNeg    . . .      Spirit   .    p - +4 chain mail
rPois   .          Reflect  .    (no helmet)
rElec   .          Harm     .    (no cloak)
rCorr   .          Rampage  .    q - +0 pair of gloves
Will    .....      NoTele   +    (no boots) Stlth
                                 (no amulet)
HPRegen 0.31/turn                l - +3 ring of intelligence
MPRegen 0.16/turn                m - +3 ring of intelligence

@: no status effects
A: claws 2, icy blue scales 2, powered by pain 2
a: Renounce Religion, Recall Undead Harvest


You were in the Dungeon.
You worshipped Yredelemnul.
Yredelemnul was pleased with you.
You visited 1 branch

Inventory:

Hand Weapons
 r - a +1 broad axe of freezing (weapon)
Missiles
 b - a throwing net
Armour
 c - a +0 buckler (worn)
 p - a +4 chain mail (worn)
 q - a +0 pair of gloves (worn)
Jewellery
 l - a +3 ring of intelligence (left hand)
 m - a +3 ring of intelligence (right hand)
Wands
 d - a wand of roots (2) (quivered)
Potions
 e - 7 potions of curing
 g - 2 potions of haste
 h - 4 potions of magic
 i - a potion of berserk rage
 j - a potion of attraction {unknown}
 k - 2 potions of invisibility
 n - 6 potions of heal wounds
 o - a potion of might


   Skills:
 + Level 8.8 Fighting
 + Level 7.5 Axes
 + Level 7.8 Armour
 + Level 7.9 Shields
 * Level 14.5 Invocations


You had 7 spell levels left.
You didn't know any spells.
Your spell library was empty.

Dungeon Overview and Level Annotations

Branches:
Dungeon (1/1)

Altars:
Ashenzari
Cheibriados
Dithmenos
Fedhas
Gozag
Hepliaklqana
Kikubaaqudgha
Makhleb
Nemelex Xobeh
Okawaru
Qazlal
Ru
Sif Muna
Trog
Uskayaw
Vehumet
Wu Jian
Xom
Yredelemnul
Jiyva
Lugonu

Annotations:
D Edmund


Innate Abilities, Weirdness & Mutations

You have very sharp fingernails.
You are mostly covered in icy blue scales. (AC +3)
You sometimes gain power by taking damage.


Message History

Harold is destroyed!
The ice devil hits you. The ice devil freezes you!
You closely miss the ice devil.
The ice devil is lightly wounded.
You hit Edmund. You freeze Edmund.
The ice devil hits you but does no damage.
Edmund barely misses you.
You slash Edmund! You freeze Edmund.
Edmund is heavily wounded.
You barely miss the ice devil.
The ice devil hits you but does no damage.
Edmund hits you with a +2 flail of protection.
You barely miss Edmund.
Edmund is heavily wounded.
You hit the ice devil but do no damage. You block the ice devil's attack.
Edmund hits you with a +2 flail of protection.
You barely miss Edmund.
Edmund is heavily wounded.
You closely miss the ice devil. The ice devil barely misses you.
You block Edmund's attack.
The ice devil hits you but does no damage.
Edmund hits you but does no damage.
You hit Edmund. You freeze Edmund.
Edmund is severely wounded.
You hit the ice devil but do no damage.
The ice devil hits you but does no damage.
Edmund barely misses you.
You closely miss Edmund.
Edmund is severely wounded.
You hit the ice devil but do no damage. The ice devil hits you!
The ice devil freezes you!!
* * * LOW HITPOINT WARNING * * *
You block Edmund's attack.
You barely miss Edmund.
Edmund is severely wounded.
You barely miss the ice devil. The ice devil hits you.
* * * LOW HITPOINT WARNING * * *
The ice devil freezes you!!
You die...
Your body rises from the dead as a mindless zombie.

__...###########++######
####'##................#
)))'.##......#..#......#
####.##................+
.....)'................+
#'#####......#..#......#
.)#..##................#
..)..#####'#####''######
###+###.......##@@#
.....##.......##.4....#
Z....##.......##....###
#'#####...<...##...##
)Z)[.##.......##..##
)))[.##.......##..#
#######.......##..#
..#.. ##########..+
..#)###########


You could see an ice devil and Edmund (strong).

Vanquished Creatures
  Harold (D)
  A floating eye (D)
  2 orc warriors (D)
  2 centaurs (D)
  A bullfrog (D)
  A scorpion (D)
  An orc wizard (D)
  2 gnolls (D)
  An adder zombie (D)
  3 orcs (D)
  A quokka (D)
  A bat (D)
  A goblin (D)
18 creatures vanquished.

Vanquished Creatures (collateral kills)
  A hornet (D)
  A floating eye (D)
  An ogre (D)
  A quasit (D)
  An orc wizard (D)
  A river rat (D)
  2 orcs (D)
  A bat skeleton (D)
9 creatures vanquished.

Vanquished Creatures (others)
  A spectral floating eye (D)
  A human zombie (D)
  A centaur zombie (D)
  A bullfrog zombie (D)
  An ogre zombie (D)
  A spectral quasit (D)
  5 orc zombies (D)
  A river rat zombie (D)
  A gnoll zombie (D)
  A quokka zombie (D)
14 creatures vanquished.

Grand Total: 41 creatures vanquished

Notes
Turn   | Place    | Note
-------+----------+-------------------------------------------
     0 | D        | BigDaddyOpFi the Demonspawn Fighter began the quest for the
                  | Orb.
     0 | D        | Reached XP level 1. HP: 18/18 MP: 1/1
    15 | D        | Found a bloodstained altar of Trog.
    15 | D        | Found a shimmering blue altar of Sif Muna.
    15 | D        | Found a viscous altar of Jiyva.
    15 | D        | Found a hazy altar of Hepliaklqana.
    15 | D        | Found an opulent altar of Gozag.
    16 | D        | Found a basalt altar of Yredelemnul.
    16 | D        | Found a shimmering altar of Xom.
    16 | D        | Found an ornate altar of the Wu Jian Council.
    16 | D        | Found a sacrificial altar of Ru.
    16 | D        | Found a stormy altar of Qazlal.
    16 | D        | Found an iron altar of Okawaru.
    16 | D        | Found a sparkling altar of Nemelex Xobeh.
    16 | D        | Found a burning altar of Makhleb.
    16 | D        | Found a blossoming altar of Fedhas.
    16 | D        | Found a shadowy altar of Dithmenos.
    16 | D        | Found a snail-covered altar of Cheibriados.
    17 | D        | Found a radiant altar of Vehumet.
    17 | D        | Found a corrupted altar of Lugonu.
    18 | D        | Found an ancient bone altar of Kikubaaqudgha.
    18 | D        | Found a hide-covered altar of Uskayaw.
    18 | D        | Found a broken altar of Ashenzari.
    27 | D        | Became a worshipper of Yredelemnul the Dark
    54 | D        | Reached skill level 1 in Invocations
    64 | D        | Reached skill level 2 in Invocations
    64 | D        | Gained mutation: You have sharp fingernails. [demonic
                  | ancestry]
    64 | D        | Reached XP level 2. HP: 19/24 MP: 1/3
    65 | D        | Noticed a floating eye
    71 | D        | Paralysed by a floating eye for 3 turns
    75 | D        | Killed a floating eye
    76 | D        | Reached skill level 6 in Invocations
    76 | D        | Gained mutation: You are partially covered in icy blue
                  | scales. (AC +2) [demonic ancestry]
    76 | D        | Reached XP level 3. HP: 29/31 MP: 2/7
    76 | D        | Reached XP level 4. HP: 36/38 MP: 2/9
   236 | D        | Noticed a bullfrog
   236 | D        | Noticed a scorpion
   246 | D        | Killed a bullfrog
   247 | D        | Reached skill level 5 in Fighting
   247 | D        | Reached skill level 8 in Invocations
   247 | D        | Gained mutation: You have very sharp fingernails. [demonic
                  | ancestry]
   247 | D        | Reached XP level 5. HP: 35/44 MP: 9/11
   247 | D        | Reached * piety under Yredelemnul
   252 | D        | Reached skill level 5 in Armour
   252 | D        | Reached skill level 5 in Shields
   252 | D        | Reached skill level 9 in Invocations
   309 | D        | Noticed a floating eye
   310 | D        | Paralysed by a floating eye for 2 turns
   314 | D        | Killed a floating eye
   315 | D        | Reached ** piety under Yredelemnul
   315 | D        | Reached skill level 5 in Axes
   315 | D        | Reached skill level 10 in Invocations
   315 | D        | Gained mutation: You sometimes gain a little power by
                  | taking damage. [demonic ancestry]
   315 | D        | Reached XP level 6. HP: 53/53 MP: 11/13
   315 | D        | Noticed an orc warrior
   326 | D        | Killed an orc warrior
   326 | D        | Reached *** piety under Yredelemnul
   327 | D        | Reached skill level 11 in Invocations
   345 | D        | Gained mutation: You are mostly covered in icy blue scales.
                  | (AC +3) [demonic ancestry]
   345 | D        | Reached XP level 7. HP: 47/59 MP: 15/15
   357 | D        | Noticed a hornet
   366 | D        | Killed a hornet
   367 | D        | Reached skill level 12 in Invocations
   737 | D        | Noticed Harold
   757 | D        | Reached skill level 13 in Invocations
   757 | D        | Gained mutation: You sometimes gain power by taking damage.
                  | [demonic ancestry]
   757 | D        | Reached XP level 8. HP: 44/68 MP: 15/17
   762 | D        | Killed Harold
   763 | D        | Reached skill level 14 in Invocations
  1102 | D        | Noticed Edmund
  1102 | D        | Noticed an ice devil
  1111 | D        | Your ally Harold died
  1118 | D        | Slain by an ice devil

Illustrated notes

Levels and vault maps discovered:
D:        pitsprint [storerooms_1, entrance_room_1, metal_vault_6, armoury_1,
          mini_pit_1, grid_room_1, main_hall_1, silver_pit, the_coven_2,
          the_vestibule_1, steel_vault_5, golden_pit, hallway_of_sentries,
          crystal_vault_1, iron_vault_1, final_vault]

Skill      XL: |  1  2  3  4  5  6  7  8 |
---------------+-------------------------+-----
Axes           | 2 3 4 5 6 7 |  7.5
Invocations    | 2 6 8 10 11 13 14 | 14.5
Armour         | 3 4 5 6 7 |  7.8
Shields        | 3 4 5 6 7 |  7.9
Fighting       | 4 5 6 7 8 |  8.8

Action                     |  1- 3 |  4- 6 |  7- 9 || total
---------------------------+-------+-------+-------++-------
  Melee: War axe           |    15 |    33 |    43 ||    91
         Broad axe         |       |       |    14 ||    14
 Invoke: Recall Undead Har |       |       |     3 ||     3
    Use: Potion            |       |     2 |     8 ||    10
         Scroll            |       |       |     1 ||     1
   Stab: Distracted        |       |       |     1 ||     1
 Armour: Scale mail        |     5 |     4 |       ||     9
         Chain mail        |       |    11 |    52 ||    63
  Dodge: Dodged            |     1 |    13 |    19 ||    33
  Block: Buckler           |     2 |     9 |    24 ||    35

Table legend: (Time is in decaauts)
 A = Elapsed time spent in this place.
 B = Non-inter-level travel time spent in this place.
 C = Inter-level travel time spent in this place.
 D = Time resting spent in this place.
 E = Time spent auto-exploring this place.
 F = Levels seen in this place.
 G = Mean time per level.
                   A        B        C        D        E       F      G
               +--------+--------+--------+--------+--------+-----+--------+
         Total |   1155 |   1093 |     62 |    709 |      0 |   1 | 1155.0 |
       Dungeon |   1155 |   1093 |     62 |    709 |      0 |   1 | 1155.0 |
               +--------+--------+--------+--------+--------+-----+--------+

Top non-repeatable levels by time:
       D: 1155 daAuts
